| TOP OF THE 1ST |
|
Tri-City Dust Devils batting - Pitching for Los Angeles (NYP) Dodgers : LHP Yok-sing Zhào
|
|
Pitching: LHP Yok-sing Zhào
|
|
|
Batting: RHB Ben Hoffman
|
0-0: Foul Ball, location: 2F 0-1: Ball 1-1: Ball 2-1: Foul Ball, location: 2F 2-2: Foul Ball, location: 2F 2-2: Ball 3-2: Base on Balls
|
|
Batting: SHB Cesar Arteaga
|
0-0: Ball Ben Hoffman is caught stealing 2nd base 2-4 1-0: Ball 2-0: Ball 3-0: Base on Balls
|
|
Batting: RHB Yuusei Narita
|
0-0: Called Strike 0-1: Ball 1-1: Called Strike 1-2: Strikes out looking
|
|
Batting: RHB Andy Solorzano
|
0-0: Ball 1-0: Ball 2-0: Ball 3-0: Base on Balls Cesar Arteaga to second
|
|
Batting: LHB Justin Rankin
|
0-0: Ground out 6-3 (Groundball, 6M, EV 86.2 MPH)
|
| Top of the 1st over - 0 runs, 0 hits, 0 errors, 2 left on base; Tri-City 0 - Los Angeles (NYP) 0 |
| BOTTOM OF THE 1ST |
|
Los Angeles (NYP) Dodgers batting - Pitching for Tri-City Dust Devils : RHP Roger Watkins
|
|
Pitching: RHP Roger Watkins
|
|
|
Batting: RHB Perry Dominey
|
0-0: Ball 1-0: Foul Ball, location: 2F 1-1: Ball 2-1: Ball 3-1: Base on Balls
|
|
Batting: RHB Justin Van Houten
|
0-0: Ground out 4-3 (Groundball, 34, EV 100.6 MPH) Perry Dominey to second
|
|
Batting: LHB Randy Stapleton
|
0-0: Called Strike 0-1: Ball 1-1: Ball 2-1: Foul Ball, location: 2F 2-2: Ball 3-2: Foul Ball, location: 2F 3-2: Foul Ball, location: 2F 3-2: Strikes out swinging
|
|
Batting: RHB Zach Slot
|
0-0: Foul Ball, location: 2F 0-1: Called Strike 0-2: Strikes out swinging
|
| Bottom of the 1st over - 0 runs, 0 hits, 0 errors, 1 left on base; Tri-City 0 - Los Angeles (NYP) 0 |
| TOP OF THE 2ND |
|
Tri-City Dust Devils batting - Pitching for Los Angeles (NYP) Dodgers : LHP Yok-sing Zhào
|
|
Batting: SHB Jared Boyce
|
0-0: Foul Ball, location: 2F 0-1: Foul Ball, location: 2F 0-2: Foul Ball, location: 2F 0-2: Ball 1-2: Foul Ball, location: 2F 1-2: Foul Ball, location: 2F 1-2: Ball 2-2: DOUBLE (Groundball, 5L, EV 106.9 MPH)
|
|
Batting: RHB Victor Contreras
|
0-0: Called Strike 0-1: Fly out, F8 (Flyball, 78D, EV 91.9 MPH)
|
|
Batting: RHB Joel Vazquez
|
0-0: Foul Ball, location: 2F 0-1: Foul Ball, location: 2F 0-2: Ball 1-2: Ball 2-2: Ball 3-2: Foul Ball, location: 2F 3-2: Foul Ball, location: 2F 3-2: Base on Balls
|
|
Batting: RHB Pleun Smit
|
0-0: Ball 1-0: Fielders Choice at 3rd, U5 (Groundball, 5L, EV 102.5 MPH) Joel Vazquez to second
|
|
Batting: RHB Ben Hoffman
|
0-0: Ball 1-0: Ground out U3 (Groundball, 34, EV 82.5 MPH)
|
| Top of the 2nd over - 0 runs, 1 hit, 0 errors, 2 left on base; Tri-City 0 - Los Angeles (NYP) 0 |
| BOTTOM OF THE 2ND |
|
Los Angeles (NYP) Dodgers batting - Pitching for Tri-City Dust Devils : RHP Roger Watkins
|
|
Batting: RHB Frank Elizondo
|
0-0: Swinging Strike 0-1: Called Strike 0-2: Ball 1-2: Ground out 6-3 (Groundball, 6, EV 104.4 MPH)
|
|
Batting: RHB Cory Bonham
|
0-0: Called Strike 0-1: Ball 1-1: Foul Ball, location: 2F 1-2: Strikes out swinging
|
|
Batting: RHB Chris Graham
|
0-0: Called Strike 0-1: Swinging Strike 0-2: Ball 1-2: Foul Ball, location: 2F 1-2: Ball 2-2: Strikes out swinging
|
| Bottom of the 2nd over - 0 runs, 0 hits, 0 errors, 0 left on base; Tri-City 0 - Los Angeles (NYP) 0 |
| TOP OF THE 3RD |
|
Tri-City Dust Devils batting - Pitching for Los Angeles (NYP) Dodgers : LHP Yok-sing Zhào
|
|
Batting: SHB Cesar Arteaga
|
0-0: Fly out, F9 (Flyball, 9, EV 86.9 MPH)
|
|
Batting: RHB Yuusei Narita
|
0-0: Foul Ball, location: 2F 0-1: Ball 1-1: Swinging Strike 1-2: Strikes out looking
|
|
Batting: RHB Andy Solorzano
|
0-0: Ball 1-0: Called Strike 1-1: Ball 2-1: Foul Ball, location: 2F 2-2: Ball 3-2: Foul Ball, location: 2F 3-2: Base on Balls
|
|
Batting: LHB Justin Rankin
|
0-0: Called Strike 0-1: Foul Ball, location: 2F 0-2: Fielders Choice at 2nd, U6 (Groundball, 6M, EV 103.1 MPH)
|
| Top of the 3rd over - 0 runs, 0 hits, 0 errors, 1 left on base; Tri-City 0 - Los Angeles (NYP) 0 |
| BOTTOM OF THE 3RD |
|
Los Angeles (NYP) Dodgers batting - Pitching for Tri-City Dust Devils : RHP Roger Watkins
|
|
Batting: LHB Hiroki Yamamoto
|
0-0: Ball 1-0: Foul Ball, location: 2F 1-1: Fly out, F9 (Flyball, 89M, EV 84.4 MPH)
|
|
Batting: RHB Yok-sing Zhào
|
0-0: Called Strike 0-1: SINGLE (Line Drive, 8RS, EV 96.2 MPH)
|
|
Batting: RHB Perry Dominey
|
0-0: Ball 1-0: Ball 2-0: Ball 3-0: Called Strike 3-1: Fielders Choice at 2nd, 4-6 (Groundball, 4, EV 104.4 MPH)
|
|
Batting: RHB Justin Van Houten
|
0-0: Called Strike Perry Dominey steals 2nd base 0-1: Ball 1-1: Fly out, F8 (Flyball, 8LXD, EV 100.6 MPH)
|
| Bottom of the 3rd over - 0 runs, 1 hit, 0 errors, 1 left on base; Tri-City 0 - Los Angeles (NYP) 0 |
| TOP OF THE 4TH |
|
Tri-City Dust Devils batting - Pitching for Los Angeles (NYP) Dodgers : LHP Yok-sing Zhào
|
|
Batting: SHB Jared Boyce
|
0-0: Ball 1-0: SOLO HOME RUN (Flyball, 7LD, EV 98.1 MPH), Distance : 373 ft
|
|
Batting: RHB Victor Contreras
|
0-0: Ground out 5-3 (Groundball, 5, EV 110.0 MPH)
|
|
Batting: RHB Joel Vazquez
|
0-0: Called Strike 0-1: Ball 1-1: Called Strike 1-2: Foul Ball, location: 2F 1-2: Ball 2-2: Ball 3-2: Foul Ball, location: 2F 3-2: Base on Balls
|
|
Batting: RHB Pleun Smit
|
0-0: Ball 1-0: Foul Ball, location: 2F 1-1: Swinging Strike 1-2: Strikes out swinging
|
|
Batting: RHB Ben Hoffman
|
0-0: Called Strike 0-1: Ball 1-1: Foul Ball, location: 2F 1-2: Strikes out looking
|
| Top of the 4th over - 1 run, 1 hit, 0 errors, 1 left on base; Tri-City 1 - Los Angeles (NYP) 0 |
| BOTTOM OF THE 4TH |
|
Los Angeles (NYP) Dodgers batting - Pitching for Tri-City Dust Devils : RHP Roger Watkins
|
|
Batting: LHB Randy Stapleton
|
0-0: Swinging Strike 0-1: Ball 1-1: Foul Ball, location: 2F 1-2: Fly out, F7 (Flyball, 78D, EV 103.1 MPH)
|
|
Batting: RHB Zach Slot
|
0-0: Called Strike 0-1: Foul Ball, location: 2F 0-2: Ball 1-2: Foul Ball, location: 2F 1-2: Ground out U3 (Groundball, 13, EV 95.0 MPH)
|
|
Batting: RHB Frank Elizondo
|
0-0: Called Strike 0-1: Called Strike 0-2: Ball 1-2: Strikes out swinging
|
| Bottom of the 4th over - 0 runs, 0 hits, 0 errors, 0 left on base; Tri-City 1 - Los Angeles (NYP) 0 |
| TOP OF THE 5TH |
|
Tri-City Dust Devils batting - Pitching for Los Angeles (NYP) Dodgers : LHP Yok-sing Zhào
|
|
Batting: SHB Cesar Arteaga
|
0-0: Ball 1-0: Swinging Strike 1-1: Called Strike 1-2: Ground out 5-3 (Groundball, 5S, EV 88.1 MPH)
|
|
Batting: RHB Yuusei Narita
|
0-0: Ball 1-0: Foul Ball, location: 2F 1-1: SINGLE (Line Drive, 6M, EV 95.6 MPH)
|
|
Batting: RHB Andy Solorzano
|
0-0: Ball Yuusei Narita is caught stealing 2nd base 2-4 1-0: Ball 2-0: Foul Ball, location: 2F 2-1: Swinging Strike 2-2: Ball 3-2: SINGLE (Groundball, 34D, EV 105.0 MPH)
|
|
Batting: LHB Justin Rankin
|
0-0: Called Strike 0-1: Called Strike 0-2: Foul Ball, location: 2F 0-2: Ball 1-2: Ball 2-2: Foul Ball, location: 2F 2-2: Ground out U3 (Groundball, 3L, EV 110.6 MPH)
|
| Top of the 5th over - 0 runs, 2 hits, 0 errors, 1 left on base; Tri-City 1 - Los Angeles (NYP) 0 |
| BOTTOM OF THE 5TH |
|
Los Angeles (NYP) Dodgers batting - Pitching for Tri-City Dust Devils : RHP Roger Watkins
|
|
Batting: RHB Cory Bonham
|
0-0: Ball 1-0: Foul Ball, location: 2F 1-1: Called Strike 1-2: Strikes out swinging
|
|
Batting: RHB Chris Graham
|
0-0: Called Strike 0-1: Ball 1-1: Ball 2-1: Called Strike 2-2: Strikes out looking
|
|
Batting: LHB Hiroki Yamamoto
|
0-0: Ball 1-0: Ball 2-0: Called Strike 2-1: SINGLE (Groundball, 56D, EV 98.1 MPH)
|
|
Batting: RHB Yok-sing Zhào
|
0-0: Ground out 6-3 (Groundball, 4M, EV 101.9 MPH)
|
| Bottom of the 5th over - 0 runs, 1 hit, 0 errors, 1 left on base; Tri-City 1 - Los Angeles (NYP) 0 |
| TOP OF THE 6TH |
|
Tri-City Dust Devils batting - Pitching for Los Angeles (NYP) Dodgers : LHP Yok-sing Zhào
|
|
Pitching: RHP Alfredo Sanchez
|
|
|
Batting: SHB Jared Boyce
|
0-0: Ball 1-0: Ball 2-0: Foul Ball, location: 2F 2-1: Called Strike 2-2: Ground out 5-3 (Groundball, 5L, EV 100.0 MPH)
|
|
Batting: RHB Victor Contreras
|
0-0: Ball 1-0: Called Strike 1-1: Swinging Strike 1-2: Ball 2-2: Strikes out swinging
|
|
Batting: RHB Joel Vazquez
|
0-0: Swinging Strike 0-1: Foul Ball, location: 2F 0-2: Strikes out swinging
|
| Top of the 6th over - 0 runs, 0 hits, 0 errors, 0 left on base; Tri-City 1 - Los Angeles (NYP) 0 |
| BOTTOM OF THE 6TH |
|
Los Angeles (NYP) Dodgers batting - Pitching for Tri-City Dust Devils : RHP Roger Watkins
|
|
Batting: RHB Perry Dominey
|
0-0: SINGLE (Groundball, 6S, EV 66.9 MPH) (infield hit)
|
|
Batting: RHB Justin Van Houten
|
|
|
Pinch Hitting: LHB Conor Bailey
|
0-0: Ball Perry Dominey is caught stealing 2nd base 2-6 1-0: Ball 2-0: Called Strike 2-1: Called Strike 2-2: Ground out U3 (Groundball, 3L, EV 81.2 MPH)
|
|
Batting: LHB Randy Stapleton
|
0-0: Ground out 6-3 (Groundball, 6, EV 84.4 MPH)
|
| Bottom of the 6th over - 0 runs, 1 hit, 0 errors, 0 left on base; Tri-City 1 - Los Angeles (NYP) 0 |
| TOP OF THE 7TH |
|
Tri-City Dust Devils batting - Pitching for Los Angeles (NYP) Dodgers : RHP Alfredo Sanchez
|
|
Now in LF: John Clark
|
|
|
Now in CF: Randy Stapleton
|
|
|
Pinch Hitting: RHB Deshawn Boseman
|
0-0: Ball 1-0: Ball 2-0: Ball 3-0: Called Strike 3-1: Base on Balls
|
|
Batting: RHB Ben Hoffman
|
0-0: Ball 1-0: Reached on error, E1 (Groundball, 15, EV 43.8 MPH) Deshawn Boseman to second
|
|
Batting: SHB Cesar Arteaga
|
0-0: SINGLE (Line Drive, 4MD, EV 101.2 MPH) Deshawn Boseman to third Ben Hoffman to second
|
|
Batting: RHB Yuusei Narita
|
0-0: Foul Ball, location: 2F 0-1: Ball 1-1: Foul Ball, location: 2F 1-2: Grounds into fielders choice 5-2 (Groundball, 56S, EV 69.4 MPH) Ben Hoffman to third Cesar Arteaga to second
|
|
Batting: RHB Andy Solorzano
|
0-0: Foul Ball, location: 2F 0-1: Foul Ball, location: 2F 0-2: Fly out, F8 (Flyball, 89D, EV 85.6 MPH) Runner from 3rd tags up, SCORES, no throw by CF
|
|
Batting: LHB Justin Rankin
|
0-0: Ball 1-0: SINGLE (Groundball, 3S, EV 67.5 MPH) (infield hit) Cesar Arteaga to third Yuusei Narita to second
|
|
Batting: SHB Jared Boyce
|
0-0: Called Strike 0-1: Swinging Strike 0-2: Strikes out swinging
|
| Top of the 7th over - 1 run, 2 hits, 1 error, 3 left on base; Tri-City 2 - Los Angeles (NYP) 0 |
| BOTTOM OF THE 7TH |
|
Los Angeles (NYP) Dodgers batting - Pitching for Tri-City Dust Devils : RHP Roger Watkins
|
|
Now at 2B: Hector Fernandez
|
|
|
Now at SS: Cesar Arteaga
|
|
|
Batting: RHB Zach Slot
|
0-0: Called Strike 0-1: Ball 1-1: Swinging Strike 1-2: Strikes out looking
|
|
Batting: RHB Frank Elizondo
|
0-0: Ball 1-0: Called Strike 1-1: Foul Ball, location: 2F 1-2: Ball 2-2: Fly out, F9 (Line Drive, 89M, EV 84.4 MPH)
|
|
Batting: RHB Cory Bonham
|
0-0: Called Strike 0-1: Ball 1-1: Called Strike 1-2: Ball 2-2: Foul Ball, location: 2F 2-2: DOUBLE (Line Drive, 3D, EV 105.0 MPH)
|
|
Batting: RHB Chris Graham
|
0-0: Foul Ball, location: 2F 0-1: Called Strike 0-2: Ball 1-2: Ball 2-2: Foul Ball, location: 2F 2-2: Strikes out looking
|
| Bottom of the 7th over - 0 runs, 1 hit, 0 errors, 1 left on base; Tri-City 2 - Los Angeles (NYP) 0 |
| TOP OF THE 8TH |
|
Tri-City Dust Devils batting - Pitching for Los Angeles (NYP) Dodgers : RHP Alfredo Sanchez
|
|
Batting: RHB Victor Contreras
|
0-0: Ball 1-0: Ball 2-0: Swinging Strike 2-1: Foul Ball, location: 2F 2-2: Ball 3-2: SINGLE (Groundball, P, EV 86.2 MPH) (infield hit)
|
|
Pitching: RHP Ramon Luna
|
|
|
Batting: RHB Joel Vazquez
|
0-0: Ball Victor Contreras is caught stealing 2nd base 2-4 1-0: Swinging Strike 1-1: Foul Ball, location: 2F 1-2: Strikes out looking
|
|
Batting: RHB Hector Fernandez
|
0-0: Ball 1-0: Foul Ball, location: 2F 1-1: Ball 2-1: Ball 3-1: Base on Balls
|
|
Batting: RHB Ben Hoffman
|
Pickoff Throw to First - Out! 1-3 CS
|
| Top of the 8th over - 0 runs, 1 hit, 0 errors, 0 left on base; Tri-City 2 - Los Angeles (NYP) 0 |
| BOTTOM OF THE 8TH |
|
Los Angeles (NYP) Dodgers batting - Pitching for Tri-City Dust Devils : RHP Roger Watkins
|
|
Now in LF: Paul Collins
|
|
|
Batting: LHB Hiroki Yamamoto
|
0-0: Foul Ball, location: 2F 0-1: Ground out 6-3 (Groundball, P, EV 90.0 MPH)
|
|
Batting: SHB Guy Jerome
|
0-0: Ball 1-0: Fly out, F7 (Flyball, 7LD, EV 93.1 MPH)
|
|
Batting: RHB Perry Dominey
|
0-0: Called Strike 0-1: Called Strike 0-2: Ball 1-2: Foul Ball, location: 2F 1-2: Ground out 4-3 (Groundball, 4, EV 84.4 MPH)
|
| Bottom of the 8th over - 0 runs, 0 hits, 0 errors, 0 left on base; Tri-City 2 - Los Angeles (NYP) 0 |
| TOP OF THE 9TH |
|
Tri-City Dust Devils batting - Pitching for Los Angeles (NYP) Dodgers : RHP Ramon Luna
|
|
Batting: RHB Ben Hoffman
|
0-0: Ball 1-0: Ball 2-0: Called Strike 2-1: Ball 3-1: Fly out, F4 (Line Drive, 4M, EV 72.5 MPH)
|
|
Batting: SHB Cesar Arteaga
|
0-0: Called Strike 0-1: Foul Ball, location: 2F 0-2: Ball 1-2: Strikes out looking
|
|
Batting: RHB Yuusei Narita
|
0-0: DOUBLE (Groundball, 5L, EV 103.1 MPH)
|
|
Batting: RHB Andy Solorzano
|
0-0: Called Strike 0-1: Foul Ball, location: 2F 0-2: Foul Ball, location: 2F 0-2: Ball 1-2: Strikes out swinging
|
| Top of the 9th over - 0 runs, 1 hit, 0 errors, 1 left on base; Tri-City 2 - Los Angeles (NYP) 0 |
| BOTTOM OF THE 9TH |
|
Los Angeles (NYP) Dodgers batting - Pitching for Tri-City Dust Devils : RHP Roger Watkins
|
|
Pitching: RHP Jarrod Kenny
|
|
|
Batting: RHB John Clark
|
0-0: Ball 1-0: Swinging Strike 1-1: Foul Ball, location: 2F 1-2: Strikes out swinging
|
|
Batting: LHB Randy Stapleton
|
0-0: Hit by Pitch
|
|
Batting: RHB Zach Slot
|
0-0: Called Strike 0-1: Foul Ball, location: 2F 0-2: Strikes out swinging
|
|
Batting: RHB Frank Elizondo
|
0-0: Called Strike 0-1: Swinging Strike 0-2: Strikes out swinging
|
| Bottom of the 9th over - 0 runs, 0 hits, 0 errors, 1 left on base; Tri-City 2 - Los Angeles (NYP) 0 |
|